Map: Oxide LE

Players

RagnaroK (SHIN)

  • Race: Zerg Zerg
  • Spawn Location: 1:00

Stats - Winner!

  • Race: Protoss Protoss
  • Spawn Location: 7:00

Event: IEM Katowice 2021

VOD

Have the link to the VOD?

Description

Time

  • Played on: Feb. 25, 2021, 10:11 a.m.
  • Length: 12:41

All games in this series

Show
View Real Time Build Order
Export as new Build Order

RagnaroK Zerg 

Build Orders: Hatch First 

Get SALT Encoding   

  12  0:00  Drone  
  13  0:12  Overlord  
  13  0:17  Drone  
  14  0:30  Drone x2  
  16  0:45  Drone  
  17  0:54  Hatchery, Drone  
  17  0:58  Drone  
  18  1:08  Extractor  
  17  1:13  Spawning Pool  
  17  1:15  Drone  
  17  1:19  Drone  
  18  1:28  Drone  
  19  1:39  Drone  
  20  1:50  Overlord  
  20  2:00  Queen  
  22  2:05  Queen  
  22  2:06  Zergling x4  
  26  2:12  Drone  
  27  2:18  Drone  
  27  2:22  Drone  
  29  2:24  Metabolic Boost  
  29  2:27  Drone  
  30  2:37  Hatchery  
  30  2:40  Drone  
  30  2:46  Drone  
  30  2:50  Queen  
  33  2:54  Overlord  
  33  3:00  Drone x2  
  35  3:14  Drone x6  
  35  3:19  Overlord  
  41  3:25  Queen  
  43  3:29  Drone  
  43  3:31  Overlord  
  44  3:40  Drone x2  
  46  3:42  Drone x3, Spore Crawler  
  46  3:45  Spore Crawler  
  47  3:50  Drone, Queen  
  47  3:52  Drone  
  51  3:56  Drone x2  
  51  4:00  Drone x3  
  56  4:06  Overlord  
  56  4:07  Drone  
  56  4:12  Zergling x2  
  56  4:13  Zergling x2  
  56  4:14  Overlord  
  58  4:21  Zergling x2  
  58  4:22  Zergling x2  
  57  4:27  Drone x2  
  57  4:28  Drone x2  
  57  4:31  Drone  
  61  4:32  Drone  
  61  4:36  Drone x4  
  65  4:40  Drone x2  
  67  4:45  Drone x2  
  67  4:46  Drone  
  67  4:50  Lair  
  67  4:51  Drone  
  71  4:54  Extractor  
  71  4:55  Extractor  
  71  4:59  Zergling x2  
  70  5:00  Zergling x4  
  70  5:04  Drone x2  
  70  5:06  Overlord  
  70  5:07  Evolution Chamber, Overlord  
  73  5:09  Drone  
  73  5:10  Drone  
  73  5:14  Overlord  
  74  5:16  Spore Crawler  
  74  5:17  Drone  
  74  5:23  Overlord  
  74  5:24  Queen  
  74  5:26  Drone x5  
  81  5:30  Drone x3  
  81  5:33  Extractor, Zerg Missile Weapons Level 1  
  81  5:34  Drone  
  81  5:35  Extractor x2, Drone  
  85  5:36  Drone  
  85  5:41  Drone x3  
  87  5:46  Spore Crawler  
  87  5:48  Queen  
  88  5:51  Hydralisk Den  
  88  5:54  Overlord  
  87  6:02  Overlord, Drone  
  88  6:10  Hatchery  
  87  6:20  Hydralisk x5  
  87  6:21  Hydralisk x3  
  87  6:24  Grooved Spines  
  87  6:25  Overlord  
  103  6:27  Queen  
  103  6:31  Overlord  
  105  6:37  Hydralisk x5  
  115  6:44  Overlord  
  115  6:49  Pneumatized Carapace  
  115  6:51  Drone  
  115  6:52  Baneling Nest, Drone x6  
  121  7:00  Drone x5  
  125  7:03  Overlord  
  124  7:09  Hydralisk x4  
  124  7:14  Drone x2  
  124  7:15  Spore Crawler  
  133  7:19  Overlord  
  133  7:22  Zergling x10  
  138  7:29  Zerg Missile Weapons Level 2  
  138  7:31  Hydralisk  
  138  7:32  Zergling x8  
  138  7:35  Muscular Augments  
  138  7:36  Centrifical Hooks  
  144  7:43  Hydralisk, Overlord  
  144  7:44  Zergling x12  
  144  7:50  Overlord  
  144  7:51  Overseer x2  
  151  7:58  Hydralisk, Zergling x2  
  151  7:59  Zergling x14  
  151  8:02  Overlord  
  161  8:06  Hydralisk x5  
  161  8:11  Spore Crawler  
  170  8:13  Hydralisk x4  
  178  8:26  Hydralisk, Zergling x6  
  178  8:27  Zergling x2  
  184  8:28  Overlord x2  
  184  8:31  Baneling x11  
  184  8:44  Overlord x2  
  184  8:45  Overlord  
  184  8:46  Overlord  
  184  8:49  Baneling x13  
  184  8:50  Zergling x12  
  190  8:56  Zergling x12, Spine Crawler  
  195  9:03  Hydralisk  
  195  9:04  Zergling x2  
  195  9:08  Hydralisk x2  
  196  9:13  Hydralisk  
  196  9:14  Zergling x2  
  182  9:18  Hydralisk  
  182  9:19  Zergling x20  
  180  9:25  Drone x3  
  180  9:30  Hydralisk x3  
  181  9:38  Zergling x4  
  175  9:45  Hydralisk, Zergling x2  
  168  9:46  Zergling x2  
  168  9:47  Baneling x5  
  168  9:49  Hydralisk  
  168  9:50  Hydralisk x3  
  168  9:52  Queen  
  175  9:54  Zergling x4  
  164  10:01  Hydralisk x3  
  155  10:07  Overlord  
  155  10:08  Hydralisk  
  155  10:10  Hydralisk  
  155  10:13  Queen  
  155  10:14  Zergling x4  
  155  10:17  Zergling x4  
  155  10:20  Queen  
  155  10:21  Hydralisk  
  155  10:22  Zergling x4  
  155  10:26  Hydralisk x2  
  155  10:27  Zergling x6  
  161  10:30  Overlord  
  161  10:35  Hydralisk x2  
  164  10:36  Zergling x2  
  164  10:41  Overlord, Baneling x2  
  165  10:43  Overlord  
  165  10:45  Baneling x2  
  165  10:48  Zergling x4  
  167  10:50  Baneling x2  
  167  10:51  Baneling  
  167  10:56  Zergling x2  
  167  10:57  Zergling x12  
  173  11:02  Overseer  
  173  11:08  Zergling x12  
  179  11:12  Baneling x7  
  179  11:14  Zergling x4  
  179  11:17  Baneling x7  
  179  11:18  Zergling x2  
  182  11:20  Overlord  
  182  11:21  Hatchery  
  182  11:23  Zergling x2  
  182  11:25  Baneling x5  
  182  11:26  Baneling  
  182  11:27  Zergling x14  
  182  11:31  Zergling x6  
  192  11:36  Baneling x6  
  192  11:38  Zergling x8  
  195  11:44  Hydralisk, Zergling x2  
  195  11:45  Zergling x4  
  175  11:48  Hydralisk, Zergling x4  
  175  11:52  Hydralisk x3  
  162  11:58  Hydralisk x2  
  143  12:01  Hydralisk  
  143  12:02  Zergling x2  
  143  12:03  Zergling x4  
  143  12:05  Zergling x6  
  143  12:11  Zergling x2  
  143  12:12  Zergling x6  
  143  12:14  Zergling x2  
  129  12:21  Zergling x2  
  129  12:22  Zergling x10  
Show
View Real Time Build Order
Export as new Build Order

Stats Protoss - Winner!

Build Orders: 1 Gate Expand, Oracle Opening, Archon Immortal 

Get SALT Encoding   

  12  0:00  Probe  
  13  0:12  Probe  
  14  0:18  Pylon  
  14  0:24  Probe  
  15  0:37  Probe (Chrono Boost)  
  16  0:44  Gateway  
  16  0:46  Probe (Chrono Boost)  
  17  0:51  Probe (Chrono Boost)  
  17  0:52  Assimilator  
  18  1:03  Probe  
  19  1:15  Probe  
  20  1:26  Nexus  
  20  1:35  Cybernetics Core  
  20  1:38  Probe  
  21  1:44  Assimilator  
  21  1:51  Probe  
  22  1:54  Pylon  
  22  2:03  Probe (Chrono Boost)  
  23  2:09  Adept (Chrono Boost)  
  23  2:14  Probe (Chrono Boost)  
  26  2:19  Probe (Chrono Boost)  
  26  2:20  Stargate  
  28  2:30  Warp Gate  
  28  2:31  Probe (Chrono Boost)  
  28  2:33  Adept  
  30  2:38  Probe (Chrono Boost)  
  32  2:47  Probe x2 (Chrono Boost)  
  33  2:52  Probe (Chrono Boost)  
  33  2:53  Probe  
  33  2:55  Void Ray (Chrono Boost)  
  35  3:04  Probe  
  41  3:05  Probe  
  41  3:08  Assimilator  
  41  3:10  Pylon  
  41  3:16  Probe  
  41  3:17  Probe  
  41  3:19  Adept  
  45  3:25  Gateway  
  45  3:28  Probe  
  45  3:29  Probe  
  45  3:32  Oracle (Chrono Boost)  
  47  3:40  Probe  
  51  3:42  Probe  
  51  3:43  Pylon  
  52  3:53  Stargate  
  52  3:57  Probe  
  52  3:58  Probe  
  54  4:05  Void Ray (Chrono Boost)  
  54  4:14  Nexus  
  58  4:17  Probe x2  
  58  4:22  Pylon  
  60  4:25  Assimilator  
  60  4:32  Void Ray (Chrono Boost)  
  60  4:34  Probe x2  
  58  4:41  Void Ray (Chrono Boost), Pylon  
  62  4:46  Probe x2  
  68  4:53  Pylon  
  68  4:58  Probe x2  
  70  5:05  Shield Battery  
  70  5:06  Robotics Facility  
  70  5:09  Shield Battery  
  70  5:10  Probe x2  
  72  5:15  Void Ray  
  76  5:21  Void Ray  
  76  5:22  Probe (Chrono Boost)  
  76  5:25  Probe (Chrono Boost)  
  82  5:28  Probe (Chrono Boost)  
  82  5:34  Probe (Chrono Boost)  
  85  5:36  Pylon  
  85  5:38  Probe x2 (Chrono Boost)  
  85  5:39  Forge  
  85  5:40  Probe (Chrono Boost)  
  87  5:43  Probe (Chrono Boost)  
  87  5:46  Probe  
  87  5:49  Assimilator, Probe  
  90  5:54  Assimilator  
  90  5:55  Probe  
  90  5:56  Twilight Council  
  92  5:57  Observer  
  92  5:58  Probe  
  92  6:01  Probe  
  92  6:02  Pylon  
  94  6:04  Pylon  
  94  6:07  Probe  
  94  6:10  Gateway, Probe  
  96  6:11  Gateway  
  96  6:13  Probe  
  96  6:16  Protoss Ground Weapons Level 1  
  97  6:24  Gateway  
  97  6:25  Gateway  
  97  6:28  Warp Prism (Chrono Boost)  
  97  6:30  Gateway  
  97  6:32  Gateway  
  99  6:36  Charge  
  99  6:38  Templar Archives  
  99  6:46  Photon Cannon  
  99  6:58  Psionic Storm  
  99  6:59  Immortal (Chrono Boost), Gateway  
  99  7:00  Photon Cannon  
  99  7:07  Probe x3  
  106  7:15  High Templar x4  
  109  7:21  Nexus  
  113  7:22  Pylon  
  113  7:26  Pylon  
  113  7:29  Zealot x4  
  121  7:35  Immortal (Chrono Boost)  
  125  7:37  Pylon  
  125  7:42  Pylon  
  125  7:50  Shield Battery  
  125  7:53  Shield Battery  
  125  7:55  Photon Cannon  
  125  7:57  Photon Cannon  
  125  8:00  Photon Cannon  
  125  8:08  Immortal (Chrono Boost)  
  125  8:10  High Templar x2  
  125  8:11  High Templar x2  
  137  8:15  Archon x2, Assimilator  
  137  8:17  Photon Cannon  
  137  8:18  Assimilator, Shield Battery, Photon Cannon  
  137  8:20  Shield Battery  
  137  8:26  Protoss Ground Weapons Level 2 (Chrono Boost)  
  138  8:27  Probe x3  
  138  8:34  Fleet Beacon  
  140  8:43  Immortal (Chrono Boost)  
  140  8:46  Zealot  
  140  8:47  Zealot x2  
  140  8:48  Zealot  
  152  8:56  Probe x2  
  152  8:57  Probe x2  
  152  8:58  Photon Cannon  
  156  9:07  Zealot x4  
  163  9:20  Immortal (Chrono Boost)  
  153  9:26  Zealot x4  
  153  9:30  Zealot x3  
  157  9:34  Pylon  
  151  9:41  Zealot  
  139  9:50  Zealot x7  
  145  9:58  Templar Archives  
  142  10:28  Zealot x8  
  156  10:32  Nexus  
  156  10:36  Gateway  
  156  10:37  Gateway  
  156  10:40  Probe x3  
  156  10:42  Fleet Beacon  
  159  10:52  Zealot, Probe  
  159  10:53  Zealot  
  164  10:59  Pylon  
  164  11:01  Pylon  
  164  11:02  Pylon  
  164  11:08  Probe x3  
  161  11:14  Pylon  
  161  11:15  Pylon  
  161  11:17  Pylon, High Templar x2  
  161  11:18  High Templar x3  
  167  11:19  High Templar  
  167  11:22  Archon  
  173  11:29  Carrier x2 (Chrono Boost), Zealot  
  165  11:54  Zealot x6  
  158  12:01  Archon x2  
  150  12:05  Pylon  
  150  12:07  Zealot x3  
  154  12:14  Probe x3  
  137  12:18  High Templar x4  
  137  12:21  Zealot x2  
  137  12:22  Archon  
  145  12:23  Archon  
  145  12:29  Zealot x3  
  141  12:35  Assimilator  

Tags
 
Add a new tag
Caveats
  • Supply blocks, unpowered buildings, or Contaminate may cause inaccurate times.
  • Supply counts are checked every 10 seconds.